 Dungeon Crawl Stone Soup version 0.32-a0-131-g9dbbe29261 (webtiles) character file.

Game seed: 15413925439285717496

144946 Newt the Warrior (level 16, 0/143 HPs)
             Began as a Demonspawn Gladiator on Feb 8, 2024.
             Was the Champion of Okawaru.
             Slain by a manticore (11 damage)
             ... on level 4 of the Shoals.
             The game lasted 00:38:53 (29850 turns).

Newt the Warrior (Demonspawn Gladiator)            Turns: 29850, Time: 00:38:54

Health: 0/143      AC: 13    Str: 20    XL:     16   Next: 86%
Magic:  31/31      EV: 20    Int:  8    God:    Okawaru [******]
Gold:   2775       SH: 19    Dex: 31    Spells: 15/15 levels left

rFire   . . .        a - +9 scimitar "Qailorung" {heavy, rF- Dex+2 SInv}
rCold   + . .        R - +0 tower shield
rNeg    + . .        s - +2 leather armour "Tuniabasch" {rN+ Int-3 Slay+6 Stlth+}
rPois   .            m - +1 helmet
rElec   .            W - scarf {rC+ rF+}
rCorr   +            N - +0 pair of gloves {hurl}
SInv    +            S - +1 pair of boots {Fly}
Will    .....        L
                       - Hermit's Pendant {Faith Invo=14 Evo=0 MP+5}
Stlth   ++++++       o - ring of Hocuocoh {Will- rCorr Str+2 Dex+6 Slay+2}
HPRegen 0.43/turn    u - +6 ring of dexterity
MPRegen 0.22/turn

%: faith
@: flying
A: hooves 2, thin metallic scales 1, (demonic guardian 3), spiny 2
a: Renounce Religion, Heroism, Finesse, Duel


You were on level 4 of the Shoals.
You worshipped Okawaru.
Okawaru was exalted by your worship.
You visited 4 branches of the dungeon, and saw 25 of its levels.
You also visited: Bailey.

You collected 2918 gold pieces.
You spent 143 gold pieces at shops.

Inventory:

Hand Weapons
 a - the +9 scimitar "Qailorung" (weapon) {heavy, rF- Dex+2 SInv}
   (You took it off a centaur on level 14 of the Dungeon)

   Dex+2:     It affects your dexterity (+2).
   rF-:       It makes you vulnerable to fire.
   SInv:      It lets you see invisible.
 b - the +8 short sword of Eternal Night {venom, rN+}
   (You found it on level 2 of the Dungeon)

   rN+:       It protects you from negative energy.
 P - a +2 heavy demon blade
Missiles
 d - 7 throwing nets
 e - 19 javelins
 h - 8 atropa-tipped darts
 n - 5 curare-tipped darts
 r - 7 silver javelins
 w - 44 poisoned darts
 y - 26 boomerangs (quivered)
Armour
 m - a +1 helmet (worn)
 s - the +2 leather armour "Tuniabasch" (worn) {rN+ Int-3 Slay+6 Stlth+}
   (You found it on level 4 of the Dungeon)

   Int-3:     It affects your intelligence (-3).
   Slay+6:    It affects your accuracy & damage with ranged weapons and melee
   (+6).
   rN+:       It protects you from negative energy.
   Stlth+:    It makes you more stealthy.
 G - a +2 pair of gloves of infusion
 N - a +0 pair of gloves of hurling (worn)
 R - a +0 tower shield (worn)
 S - a +1 pair of boots of flying (worn)
 W - a scarf of resistance (worn)
Jewellery
 f - a ring of protection from cold
 g - a ring of resist corrosion
 o - the ring of Hocuocoh (left hand) {Will- rCorr Str+2 Dex+6 Slay+2}
   (You found it on level 2 of the Dungeon)

   [ring of resist corrosion]

   Str+2:     It affects your strength (+2).
   Dex+6:     It affects your dexterity (+6).
   Slay+2:    It affects your accuracy & damage with ranged weapons and melee
   (+2).
   Will-:     It decreases your willpower.
   rCorr:     It protects you from acid and corrosion.
 u - a +6 ring of dexterity (right hand)
 L - the Hermit's Pendant (around neck) {Faith Invo=14 Evo=0 MP+5}
   (You found it on level 7 of the Dungeon)

   [amulet of faith]

   Invo=14: It sets your Invocations skill to 14.
   Evo=0: It sets your Evocations skill to 0.
   Faith:     It allows you to gain divine favour quickly.
   MP+5:      It affects your magic capacity (+5).
Wands
 k - a wand of polymorph (4)
 l - a wand of digging (1)
 B - a wand of mindburst (5)
 H - a wand of paralysis (16)
Scrolls
 c - 3 scrolls of identify
 v - 3 scrolls of torment
 z - 3 scrolls of poison
 D - 3 scrolls of fear
 I - 3 scrolls of vulnerability
 J - 2 scrolls of revelation
 O - 7 scrolls of teleportation
 Q - 3 scrolls of immolation
 U - 2 scrolls of enchant armour {unknown}
 X - 2 scrolls of silence {unknown}
Potions
 i - 4 potions of enlightenment
 j - 3 potions of might {unknown}
 p - 3 potions of resistance
 q - 4 potions of attraction
 t - a potion of heal wounds
 A - 2 potions of mutation
 C - 2 potions of lignification
 E - 5 potions of ambrosia
 F - 4 potions of curing
 M - a potion of berserk rage
 T - 2 potions of haste
 V - 2 potions of cancellation {unknown}
 Z - 2 potions of invisibility {unknown}
Miscellaneous
 K - a phial of floods


   Skills:
 + Level 18.1 Fighting
 - Level 6.2(10.3) Short Blades
 - Level 12.6(13.2) Long Blades
 * Level 9.7 Throwing
 - Level 7.0 Armour
 - Level 10.1 Dodging
 - Level 11.0 Stealth
 - Level 6.2 Shields


You had 15 spell levels left.
You didn't know any spells.
Your spell library contained the following spells:

 Spells                   Type           Power      Damage    Failure   Level
 Foxfire                  Conj/Fire      0%         2x1d4     97%         1
 Shock                    Conj/Air       0%         1d3       97%         1
 Ensorcelled Hibernation  Hex/Ice        0%         N/A       99%         2
 Jinxbite                 Hex            0%         N/A       99%         2
 Sublimation of Blood     Necr           0%         N/A       99%         2
 Dazzling Flash           Conj/Hex       0%         N/A       100%        3
 Frozen Ramparts          Ice            0%         1d1       100%        3
 Fugue of the Fallen      Necr           0%         N/A       100%        3
 Inner Flame              Hex/Fire       0%         N/A       100%        3
 Passwall                 Erth           0%         N/A       100%        3
 Swiftness                Air            0%         N/A       100%        3
 Airstrike                Air            0%         2d(0-16)  100%        4
 Anguish                  Hex/Necr       0%         N/A       100%        4
 Brom's Barrelling Bould  Conj/Erth      0%         2d3       100%        4
 Flame Wave               Conj/Fire      0%         2d4       100%        4
 Leda's Liquefaction      Alch/Erth      0%         N/A       100%        4
 Manifold Assault         Tloc           0%         N/A       100%        4
 Petrify                  Alch/Erth      0%         N/A       100%        4
 Sticky Flame             Fire/Alch      0%         2d4       100%        4
 Fireball                 Conj/Fire      0%         3d3       100%        5
 Irradiate                Conj/Alch      0%         3d11      100%        5
 Iskenderun's Battlesphe  Conj           0%         2d6       100%        5
 Metabolic Englaciation   Hex/Ice        0%         N/A       100%        5
 Conjure Ball Lightning   Conj/Air       0%         3x3d6     100%        6
 Dispersal                Tloc           0%         N/A       100%        6
 Plasma Beam              Fire/Air       0%         2x1d10    100%        6
 Starburst                Conj/Fire      0%         6d3       100%        6
 Orb of Destruction       Conj           0%         9d5       100%        7
 Disjunction              Tloc           0%         N/A       100%        8
 Summon Small Mammal      Summ           Unusable   N/A       N/A         1
 Call Canine Familiar     Summ           Unusable   N/A       N/A         3
 Summon Blazeheart Golem  Fire/Summ      Unusable   N/A       N/A         4
 Summon Mana Viper        Hex/Summ       Unusable   N/A       N/A         5

Dungeon Overview and Level Annotations

Branches:
Dungeon (15/15)            Temple (1/1) D:6            Lair (5/5) D:8
 Shoals (4/4) Lair:3       Spider (0/4) Lair:2        Slime (0/5) Lair:4
    Orc (0/2) D:9          Vaults (0/5) D:13         Depths (0/4) D:15
 Bailey (visited)

Altars:
Ashenzari
Cheibriados
Dithmenos
Fedhas
Gozag
Hepliaklqana
Kikubaaqudgha
Makhleb
Nemelex Xobeh
Okawaru
Qazlal
Ru
Sif Muna
Trog
Uskayaw
Vehumet
Wu Jian
Xom
Yredelemnul
Jiyva

Shops:
D:14 *

Annotations:
Lair:2 1 runed translucent door, Poirhunoest's ghost, journeyman HuSu
Lair:4 exclusion: oklob plant


Innate Abilities, Weirdness & Mutations

You have hoof-like feet.
You are partially covered in thin metallic scales. (AC +2)
((A powerful demonic guardian rushes to your aid.))
You are mostly covered in sharp spines.


Message History

The manticore barely misses you. You block the manticore's attack.
You block the wind drake's attack. You block the snapping turtle's attack.
Unknown command.
Unknown command.
You open the wind drake like a pillowcase!!!
You kill the wind drake!
Okawaru accepts your kill. The manticore is struck by your spines.
The manticore barely misses you. The manticore closely misses you.
The manticore claws you. The snapping turtle misses you.
You block the manticore's attack. x2
The manticore misses you.
Unknown command.
You hit the snapping turtle but do no damage.
The snapping turtle is moderately wounded.
The manticore is struck by your spines. The manticore bites you!
* * * LOW HITPOINT WARNING * * *
You block the manticore's attack. x2; You block the snapping turtle's attack.
Unknown command.
Unknown command.
You slice the snapping turtle!!
The snapping turtle is severely wounded.
The manticore bites you!
* * * LOW HITPOINT WARNING * * *
You block the manticore's attack. The manticore misses you.
The snapping turtle completely misses you.
You block the manticore's attack. x3
Unknown command.
You slice the snapping turtle!!
You kill the snapping turtle!
Okawaru accepts your kill. The manticore is struck by your spines.
The manticore bites you!
* * * LOW HITPOINT WARNING * * *
You block the manticore's attack. The manticore claws you!
* * * LOW HITPOINT WARNING * * *
Unknown command.
Unknown command.
You slice the manticore!!
The manticore is almost dead.
The manticore bites you!
You die...

≈≈≈≈~~~~~~..####......#.~~~~~##
≈≈≈≈≈~~..~~..##.........~~~~~~#
≈≈≈≈≈~~~.~~.....<~....~~~~~~~~~
≈≈≈≈≈≈~~~~~~#####...~~~~~~~~~~≈
≈≈≈≈≈≈≈~~.~##...##~~~~...~~~~~~
≈≈≈≈≈≈≈≈~~~#.....#~~~....~~~~~~
≈≈≈≈≈≈≈≈~~~#..)..#~~~.....~~~~~
≈≈≈≈≈≈≈≈≈~~#..†H†#......#.~~~~~
≈≈≈≈≈≈≈≈≈~~##..@##..~..##..~~~~
≈≈≈≈≈≈≈≈~~~~##'##......#
≈≈≈≈≈~~~~~~............
≈≈≈≈≈~....~~...........
≈≈≈≈≈~~...~~.........~.
≈~~...~~..~~~........~.
~~.........~~~~.....~~.
~~.~~~.....†~~~~~~~~~..
~~~~.....~~≈~~~≈≈~~...


You could see a manticore.

Vanquished Creatures
  Polyphemus (Shoals:2)
  2 dire elephants (Lair:5)
  2 merfolk impalers (Shoals:3)
  A fire dragon (Lair:5)
  Erolcha (D:11)
  15 hydras
  5 vault guards (D:13)
  A great orb of eyes (D:15)
  An ice dragon (D:13)
  4 ogre magi
  3 catoblepae
  An alligator snapping turtle (Shoals:3)
  8 boulder beetles
  2 centaur warriors (D:14)
  3 merfolk aquamancers
  A dancing weapon (D:8)
  A tengu warrior (D:14)
  7 death yaks
  A satyr (Shoals:2)
  15 two-headed ogres
  The ghost of ojifijod the Severer, a novice MiGl of Okawaru (D:8)
  2 skysharks (Shoals:3)
  4 skeletal warriors
  Amaemon (Lair:3)
  Nergalle (D:12)
  A spectral anaconda (Lair:5)
  An obsidian statue (Lair:5)
  4 sea snakes
  A lindwurm (Lair:4)
  2 deep elf archers (D:13)
  An orb spider (Lair:2)
  A steelbarb worm (shapeshifter) (D:15)
  An arcanist (D:15)
  A deep elf pyromancer (D:7)
  4 necromancers (Lair:5)
  2 oklob plants (Lair:4)
  An orc knight (D:15)
  4 fauns
  17 ugly things
  7 manticores
  A meliai (shapeshifter) (D:13)
  4 cyclopes
  30 elephants
  11 black mambas
  4 merfolk sirens
  An orange demon (Lair:3)
  A dire elephant zombie (Lair:5)
  6 water nymphs
  A gargoyle (D:13)
  2 torpor snails (Lair:4)
  21 cane toads
  7 rime drakes
  2 kobold demonologists (Bailey)
  2 yaktaurs (D:13)
  3 tengu conjurers
  16 komodo dragons
  A queen bee (shapeshifter) (D:13)
  8 trolls
  15 merfolk
  8 wind drakes
  21 blink frogs
  3 snapping turtles
  A spectral elephant (Lair:5)
  Sigmund (D:3)
  3 dream sheep (Shoals:1)
  18 slime creatures
  A centaur simulacrum (D:14)
  A shadow (D:11)
  10 water elementals
  2 vampires (D:12)
  4 wraiths
  Eustachio (D:5)
  4 wyverns
  6 basilisks
  48 yaks
  2 death yak simulacra (Lair:5)
  A warg (shapeshifter) (D:14)
  A spectral cane toad (Lair:5)
  4 vampire mosquitoes (D:10)
  A warg (D:15)
  8 steam dragons
  An acid dragon (D:11)
  25 water moccasins
  9 orc warriors
  An elephant zombie (Lair:5)
  A black bear (D:6)
  An ice beast (D:7)
  2 laughing skulls (D:15)
  9 ogres
  14 wolves
  9 centaurs
  2 kobold brigands
  35 bullfrogs
  A cane toad simulacrum (Lair:5)
  5 gnoll sergeants
  3 scorpions
  9 wights
  A hornet simulacrum (D:14)
  2 elephant simulacra (Lair:5)
  28 killer bees
  3 jellies
  An electric eel (D:6)
  5 howler monkeys
  3 bombardier beetles
  4 hounds
  A gnoll bouda (D:5)
  8 orc priests
  A sleepcap (D:6)
  23 orc wizards
  2 iguanas
  17 gnolls
  6 adders
  2 shadow imps (D:7)
  A white imp (D:7)
  An ufetubus (D:6)
  2 ribbon worms (D:3)
  3 dart slugs
  43 orcs
  6 bats
  9 endoplasms
  2 giant cockroaches
  9 goblins
  12 hobgoblins
  8 kobolds
  4 quokkas (D:1)
  9 ball pythons
  A frilled lizard (D:2)
  8 rats
  A butterfly (D:6)
770 creatures vanquished.

Vanquished Creatures (others)
  2 ogres (D:6)
  A scorpion (D:6)
  A hound (D:6)
  An iguana (D:6)
  An orc wizard (D:6)
  An adder (D:6)
  7 tentacles (Shoals:2)
14 creatures vanquished.

Grand Total: 784 creatures vanquished

Notes
Turn   | Place    | Note
-------+----------+-------------------------------------------
     0 | D:1      | Newt the Demonspawn Gladiator began the quest for the Orb.
     0 | D:1      | Reached XP level 1. HP: 16/16 MP: 1/1
    90 | D:1      | Gained mutation: You are partially covered in sharp spines.
                  | [demonic ancestry]
    90 | D:1      | Reached XP level 2. HP: 19/22 MP: 2/2
   130 | D:1      | Found a faded altar of an unknown god.
   508 | D:1      | Gained mutation: You are mostly covered in sharp spines.
                  | [demonic ancestry]
   508 | D:1      | Reached XP level 3. HP: 26/28 MP: 3/3
  1050 | D:2      | Found a hazy altar of Hepliaklqana.
  1101 | D:2      | Identified the +8 short sword of Eternal Night {venom, rN+}
  1156 | D:2      | Identified the ring of Hocuocoh {Will- rCorr Str+2 Dex+6
                  | Slay+2}
  1240 | D:2      | Reached XP level 4. HP: 34/34 MP: 4/4
  1266 | D:2      | Reached skill level 3 in Fighting
  1510 | D:3      | Noticed Sigmund
  1528 | D:4      | Reached XP level 5. HP: 28/41 MP: 5/5
  1535 | D:4      | Reached XP level 6. HP: 27/48 MP: 6/6
  1537 | D:4      | Reached skill level 4 in Fighting
  1550 | D:4      | Reached skill level 5 in Short Blades
  2061 | D:4      | Identified the +2 leather armour "Tuniabasch" {rN+ Int-3
                  | Slay+6 Stlth+}
  2213 | D:3      | Killed Sigmund
  2214 | D:3      | Gained mutation: You have large cloven feet. [demonic
                  | ancestry]
  2214 | D:3      | Reached XP level 7. HP: 44/55 MP: 7/7
  2945 | D:4      | Reached skill level 5 in Fighting
  3250 | D:5      | Entered Level 5 of the Dungeon
  3294 | D:5      | Found a burning altar of Makhleb.
  3386 | D:5      | Noticed Eustachio
  3394 | D:5      | Killed Eustachio
  3395 | D:5      | Gained mutation: You have hoof-like feet. [demonic
                  | ancestry]
  3395 | D:5      | Reached XP level 8. HP: 43/64 MP: 8/8
  3714 | D:5      | Found a radiant altar of Vehumet.
  3720 | D:5      | Reached skill level 6 in Fighting
  3862 | D:5      | Identified the +6 ring mail of the Northern Lights {Fly
                  | rElec rN+ Str+5}
  3948 | D:6      | Found a staircase to the Ecumenical Temple.
  3985 | Temple   | Entered the Ecumenical Temple
  3993 | Temple   | Became a worshipper of Warmaster Okawaru
  4029 | D:6      | Reached skill level 5 in Dodging
  4066 | D:6      | Reached skill level 1 in Stealth
  4245 | D:6      | Found a shimmering altar of Xom.
  4252 | D:6      | Reached * piety under Okawaru
  4286 | D:6      | Reached skill level 7 in Fighting
  4290 | D:6      | Reached XP level 9. HP: 14/72 MP: 9/9
  4740 | D:6      | Reached skill level 5 in Stealth
  4835 | D:6      | Reached ** piety under Okawaru
  5670 | D:7      | Found a faded altar of an unknown god.
  5670 | D:7      | Noticed a deep elf pyromancer
  5670 | D:7      | Found the Hermit's Pendant {Faith Invo=14 Evo=0 MP+5}
  5677 | D:7      | Killed a deep elf pyromancer
  5678 | D:7      | Reached skill level 8 in Fighting
  5970 | D:7      | Reached *** piety under Okawaru
  6442 | D:8      | Identified the +2 falchion of Irritation {flame, +Blink
                  | Dex+3}
  6558 | D:8      | Reached XP level 10. HP: 77/82 MP: 20/20
  6713 | D:8      | Noticed a two-headed ogre
  6729 | D:8      | Killed a two-headed ogre
  6729 | D:8      | Reached **** piety under Okawaru
  6730 | D:8      | Reached skill level 9 in Fighting
  6807 | D:8      | Found a staircase to the Lair.
  6989 | D:8      | Found a runed translucent door.
  6990 | D:8      | Found a shimmering altar of Xom.
  6990 | D:8      | Noticed ojifijod's ghost (novice MiGl)
  6991 | D:8      | Noticed a +0 mace of chaos
  7097 | D:8      | HP: 6/124 [poisoned by a gnoll sergeant]
  7561 | D:8      | Reached skill level 10 in Stealth
  8211 | D:9      | Reached ***** piety under Okawaru
  8638 | D:9      | Found a staircase to the Orcish Mines.
  8662 | D:9      | Reached skill level 10 in Fighting
  8973 | D:10     | Entered Level 10 of the Dungeon
  8984 | D:10     | Found a flagged portal.
  9062 | Bailey   | Entered a bailey
  9147 | Bailey   | Gained mutation: You are partially covered in thin metallic
                  | scales. (AC +2) [demonic ancestry]
  9147 | Bailey   | Reached XP level 11. HP: 91/91 MP: 21/21
  9168 | Bailey   | Received a gift from Okawaru
  9285 | Bailey   | Found an iron altar of Okawaru.
  9312 | Bailey   | Acquired 1048 gold pieces
  9760 | D:10     | Found a sacrificial altar of Ru.
  9880 | D:10     | Noticed a skeletal warrior
 10235 | D:10     | Found a shadowy altar of Dithmenos.
 10561 | D:11     | Received a gift from Okawaru
 10797 | D:11     | Reached skill level 11 in Fighting
 10925 | D:11     | Noticed a cyan ugly thing
 10932 | D:11     | Killed a cyan ugly thing
 11149 | D:11     | Noticed Erolcha
 11152 | D:11     | Killed Erolcha
 11152 | D:11     | Received a gift from Okawaru
 11327 | D:12     | Noticed a boulder beetle
 11350 | D:12     | Killed a boulder beetle
 11888 | D:12     | Reached ****** piety under Okawaru
 11891 | D:12     | Acquired a +2 quick blade of freezing
 11891 | D:12     | Received a gift from Okawaru
 11893 | D:12     | Acquired a +2 pair of gloves of infusion
 11893 | D:12     | Received a gift from Okawaru
 11956 | D:12     | Received a gift from Okawaru
 11977 | D:12     | Gained mutation: A weak demonic guardian rushes to your
                  | aid. [demonic ancestry]
 11977 | D:12     | Reached XP level 12. HP: 55/101 MP: 14/22
 12193 | D:12     | Noticed Nergalle
 12196 | D:12     | Killed Nergalle
 12396 | D:12     | Noticed a boulder beetle
 12399 | D:12     | Killed a boulder beetle
 12406 | D:12     | Noticed a two-headed ogre
 12412 | D:12     | Killed a two-headed ogre
 12413 | D:12     | Reached skill level 12 in Fighting
 12413 | D:12     | Reached skill level 10 in Dodging
 12532 | D:13     | Received a gift from Okawaru
 12549 | D:13     | Noticed an ice dragon
 12850 | D:13     | Killed an ice dragon
 13188 | D:13     | Reached skill level 5 in Throwing
 13434 | D:13     | Identified the +10 whip "Fuhure" {spect, rElec}
 13437 | D:13     | Noticed a vault guard
 13437 | D:13     | Noticed a vault guard
 13464 | D:13     | Killed a vault guard
 13636 | D:13     | Noticed an ogre mage
 13637 | D:13     | Noticed a vault guard
 13641 | D:13     | Killed an ogre mage
 13766 | D:13     | Killed a vault guard
 13766 | D:13     | Received a gift from Okawaru
 13828 | D:13     | Reached skill level 13 in Fighting
 13897 | D:13     | Found a gate to the Vaults.
 13897 | D:13     | Noticed a vault guard
 13897 | D:13     | Noticed a vault guard
 13923 | D:13     | Killed a vault guard
 13924 | D:13     | Reached skill level 1 in Shields
 13940 | D:13     | Killed a vault guard
 14143 | D:13     | Killed a vault guard
 14144 | D:13     | Reached XP level 13. HP: 111/111 MP: 23/23
 14251 | D:13     | Paralysed by an ogre mage for 5 turns
 14277 | D:13     | Received a gift from Okawaru
 14829 | D:14     | Identified the blade talisman "Yniton Wodgha" {rC+}
 14864 | D:14     | Identified the +9 scimitar "Qailorung" {heavy, rF- Dex+2
                  | SInv}
 14868 | D:14     | Reached skill level 5 in Shields
 14875 | D:14     | Received a gift from Okawaru
 14958 | D:14     | Found a broken altar of Ashenzari.
 15005 | D:14     | Found Jieddeidir's General Store.
 15123 | D:14     | Bought a potion of curing for 39 gold pieces
 15123 | D:14     | Bought 2 potions of brilliance for 104 gold pieces
 15215 | D:14     | Found a bloodstained altar of Trog.
 15664 | D:14     | Reached skill level 1 in Long Blades
 15934 | D:15     | Entered Level 15 of the Dungeon
 15984 | D:15     | Reached skill level 14 in Fighting
 15990 | D:15     | Received a gift from Okawaru
 16291 | D:15     | Reached skill level 5 in Long Blades
 16304 | D:15     | Received a gift from Okawaru
 16321 | D:15     | Gained mutation: A demonic guardian rushes to your aid.
                  | [demonic ancestry]
 16321 | D:15     | Reached XP level 14. HP: 61/121 MP: 14/24
 16534 | D:15     | Received a gift from Okawaru
 17188 | D:15     | Received a gift from Okawaru
 17247 | D:15     | Reached skill level 15 in Fighting
 17889 | D:15     | Found a staircase to the Depths.
 18171 | Lair:1   | Entered Level 1 of the Lair of Beasts
 18519 | Lair:2   | Received a gift from Okawaru
 18705 | Lair:2   | Found a hole to the Spider Nest.
 19243 | Lair:3   | Received a gift from Okawaru
 19336 | Lair:3   | Noticed Amaemon
 19353 | Lair:3   | Killed Amaemon
 19355 | Lair:3   | Reached skill level 10 in Long Blades
 20170 | Lair:4   | Gained mutation: A powerful demonic guardian rushes to your
                  | aid. [demonic ancestry]
 20170 | Lair:4   | Reached XP level 15. HP: 119/130 MP: 25/25
 20368 | Lair:4   | Received a gift from Okawaru
 20456 | Lair:4   | Reached skill level 16 in Fighting
 20655 | Lair:4   | Got Apil Jea's Quarto of Fascination
 20900 | Lair:4   | Received a gift from Okawaru
 21732 | Lair:4   | Found a viscous altar of Jiyva.
 21732 | Lair:4   | Found a staircase to the Slime Pits.
 21939 | Lair:5   | Entered Level 5 of the Lair of Beasts
 22190 | Lair:5   | Received a gift from Okawaru
 22408 | Lair:5   | Identified the +0 plate armour of Zucoal {Fly rF+ SInv}
 22793 | Lair:5   | Reached skill level 1 in Armour
 22915 | Lair:5   | Received a gift from Okawaru
 22959 | Lair:5   | Reached skill level 17 in Fighting
 23624 | Lair:5   | Received a gift from Okawaru
 23663 | Lair:5   | Reached XP level 16. HP: 119/141 MP: 26/26
 23812 | Lair:5   | Reached skill level 5 in Armour
 24486 | Lair:3   | Found a staircase to the Shoals.
 24596 | Lair:3   | Received a gift from Okawaru
 25215 | Lair:2   | Found a runed translucent door.
 25215 | Lair:2   | Found a shimmering altar of Xom.
 25215 | Lair:2   | Noticed Poirhunoest's ghost (journeyman HuSu)
 26192 | D:8      | Killed ojifijod's ghost
 26347 | Shoals:1 | Entered Level 1 of the Shoals
 27222 | Shoals:1 | Received a gift from Okawaru
 27827 | Shoals:2 | Noticed Polyphemus
 27851 | Shoals:2 | Killed Polyphemus
 28041 | Shoals:2 | Noticed a kraken
 28060 | Shoals:2 | HP: 7/143 [tentacle[a kraken] (15)]
 28271 | Shoals:3 | Received a gift from Okawaru
 28805 | Shoals:3 | Reached skill level 18 in Fighting
 29780 | Shoals:4 | Entered Level 4 of the Shoals
 29832 | Shoals:4 | Received a gift from Okawaru
 29850 | Shoals:4 | Slain by a manticore

Illustrated notes

Levels and vault maps discovered:
D:1:      spicycebolla_green_bress_n_ham, layout_basic,
          hellmonk_ecumenical_altar_pennies_from_heaven
D:2:      layout_basic, basic_altar
D:3:      layout_rooms, good_gods_temple_1, uniq_sigmund
D:4:      layout_basic
D:5:      layout_rooms, lemuel_round_altar, mainiacjoe_overflow_alcove_1,
          uniq_eustachio
D:6:      layout_cave_pods, xom_confusion_cloud,
          minmay_temple_entry_butterflies, nicolae_tricolors
D:7:      layout_loops_corners, hellmonk_guarded_unrand_hermit
D:8:      layout_loops_corners, due_lair_maze_entry_diamond, ebering_ghost_xom,
          kennysheep_generic_room_16
D:9:      layout_roguey, kennysheep_orc_monster_closet_entryway
D:10:     layout_irregular_city, nicolae_ru_great_annihilating_truth,
          grunt_dithmenos_smoke, enter_bailey_2, lightli_fourway_metalbox
D:11:     layout_cave_pools, hangedman_decor_growths, uniq_erolcha
D:12:     layout_loops_ring, elyvilon_altar_1, uniq_nergalle
D:13:     layout_cave_pods, grunt_vaults_entry_fortified, kennysheep_four_rooms
D:14:     layout_cave_pools, serial_shops, nicolae_shop_just_a_little_nook,
          ashenzari_altar_1, trog_three_pillars_becter
D:15:     gammafunk_enter_depths_forms, layout_loops_ring, serial_rivers,
          chequers_serial_rivers_room_a, chequers_serial_rivers_small_3,
          chequers_serial_rivers_marsh, chequers_serial_rivers_small_3
Temple:   nicolae_temple_two_arcs
Lair:1:   layout_big_grid, guppyfry_lair_drakes, lemuel_fruit_tree
Lair:2:   layout_small_grid, nicolae_spider_entry_orb_guardian,
          ebering_ghost_xom, grunt_megastairs_1
Lair:3:   layout_loops_ring, minmay_shoals_entry_beasts, minivault_25,
          minmay_holes, cheibrodos_lair_caveside_slide, lemuel_fruit_fields,
          uniq_amaemon
Lair:4:   nzn_winding_woodlands_large [nzn_winding_woodlands_5x5_three,
          nzn_winding_woodlands_5x15_jagged,
          nzn_winding_woodlands_5x5_checkerboard,
          nzn_winding_woodlands_center_pierced_h,
          nzn_winding_woodlands_15x15_five_gardens,
          nzn_winding_woodlands_center_lodge,
          nzn_winding_woodlands_5x5_open_star,
          nzn_winding_woodlands_5x15_default, nzn_winding_woodlands_hourglass],
          layout_long_grid, minmay_slime_entry_oklob_enclosed, minivault_25,
          minmay_lair_oklob_bushes, nicolae_lair_lil_pond
Lair:5:   due_jungle_book, layout_cave_shapes, bobbens_dragon_lair_wall,
          serial_bayou_shore_a
Shoals:1: layout_shoals
Shoals:2: layout_shoals, uniq_polyphemus
Shoals:3: layout_shoals
Shoals:4: shoals_end_simple, layout_shoals

Skill      XL: |  1  2  3  4  5  6  7  8  9 10 11 12 13 14 15 16 |
---------------+-------------------------------------------------+-----
Throwing       | 2 7 9 |  9.7
Short Blades   | 3 4 5 6 |  6.2
Fighting       | 3 4 5 7 8 10 11 13 14 15 17 18 | 18.1
Dodging        | 4 5 9 10 | 10.1
Stealth        | 4 8 11 | 11.0
Shields        | 2 6 |  6.2
Long Blades    | 5 10 12 | 12.6
Armour         | 4 7 |  7.0

Action                     |  1- 3 |  4- 6 |  7- 9 | 10-12 | 13-15 | 16-18 || total
---------------------------+-------+-------+-------+-------+-------+-------++-------
  Melee: Rapier            |    66 |       |       |       |       |       ||    66
         Punch             |     3 |     1 |    14 |    40 |     6 |       ||    64
         Short sword       |    14 |    35 |   156 |   428 |   175 |       ||   808
         Dagger            |     5 |       |       |       |       |       ||     5
         Scimitar          |       |       |       |       |   524 |   312 ||   836
  Throw: Boomerang         |       |       |       |       |       |    47 ||    47
         Dart              |       |       |       |       |       |     2 ||     2
         Javelin           |       |       |       |       |       |     1 ||     1
 Invoke: Receive Weapon    |       |       |       |     1 |       |       ||     1
         Receive Armour    |       |       |       |     1 |       |       ||     1
         Heroism           |       |       |       |     1 |     6 |     1 ||     8
         Finesse           |       |       |       |     1 |     5 |     1 ||     7
  Evoke: Wand              |       |       |       |       |     1 |       ||     1
    Use: Scroll            |       |       |     6 |    16 |     4 |    10 ||    36
         Potion            |       |       |       |     3 |     1 |     3 ||     7
   Stab: Sleeping          |     1 |       |    18 |    39 |    42 |    13 ||   113
         Distracted        |       |       |     1 |     4 |     7 |     5 ||    17
         Paralysed         |       |       |       |       |     1 |       ||     1
         Petrified         |       |       |       |       |     2 |       ||     2
 Armour: Leather armour    |    23 |    21 |    55 |   175 |   302 |   147 ||   723
  Dodge: Dodged            |    55 |    21 |    79 |   248 |   432 |   183 ||  1018
  Block: Tower shield      |       |       |       |       |   853 |   408 ||  1261

Table legend: (Time is in decaauts)
 A = Elapsed time spent in this place.
 B = Non-inter-level travel time spent in this place.
 C = Inter-level travel time spent in this place.
 D = Time resting spent in this place.
 E = Time spent auto-exploring this place.
 F = Levels seen in this place.
 G = Mean time per level.
                   A        B        C        D        E       F      G
               +--------+--------+--------+--------+--------+-----+--------+
         Total |  29952 |  28747 |   1205 |   7394 |  16598 |  26 | 1152.0 |
       Dungeon |  17731 |  16965 |    766 |   4810 |   9625 |  15 | 1182.1 |
        Temple |     16 |      1 |     15 |      0 |      0 |   1 |   16.0 |
          Lair |   8247 |   7886 |    361 |   1441 |   4964 |   5 | 1649.4 |
        Shoals |   3565 |   3503 |     62 |   1143 |   1788 |   4 |  891.2 |
        Bailey |    392 |    392 |      0 |      0 |    220 |   1 |  392.0 |
               +--------+--------+--------+--------+--------+-----+--------+

Top non-repeatable levels by time:
    D:13: 2476 daAuts
  Lair:5: 2463 daAuts
    D:15: 2149 daAuts
  Lair:4: 1931 daAuts
  Lair:3: 1801 daAuts
Shoals:3: 1751 daAuts
     D:8: 1618 daAuts
     D:7: 1549 daAuts
     D:4: 1341 daAuts
    D:12: 1226 daAuts
  Lair:2: 1183 daAuts
Shoals:1: 1157 daAuts
    D:10: 1137 daAuts
     D:9: 1063 daAuts
     D:1: 970 daAuts
